 Dungeon Crawl Stone Soup version 0.29.1-1-gd02db6906a (webtiles) character file.

Game seed: 15916146554283614775

139 pacmanke6689 the Chopper (level 5, 0/47 HPs)
             Began as a Hill Orc Fighter on Sept 20, 2022.
             Was an Initiate of Beogh.
             Slain by Sigmund
             ... wielding a +0 scythe
              (9 damage)
             ... on level 4 of the Dungeon.
             The game lasted 00:09:22 (3615 turns).

pacmanke6689 the Chopper (Hill Orc Fighter)         Turns: 3615, Time: 00:09:22

Health: 0/47       AC:  9    Str: 19    XL:     5   Next: 22%
Magic:  5/5        EV:  9    Int:  8    God:    Beogh [......]
Gold:   282        SH:  5    Dex: 12    Spells: 4/4 levels left

rFire   . . .      SeeInvis .   a - +0 war axe
rCold   . . .      Faith    .   c - +0 buckler
rNeg    . . .      Spirit   .   b - +1 scale mail
rPois   .          Reflect  .   i - +0 helmet
rElec   .          Harm     .   (no cloak)
rCorr   .          Rampage  .   (no gloves)
Will    .....                   (no boots)
Stlth   ..........              (no amulet)
HPRegen 0.15/turn               (no ring)
MPRegen 0.09/turn               (no ring)

@: mighty, weak-willed
A: no striking features
a: Renounce Religion


You were on level 4 of the Dungeon.
You worshipped Beogh.
Beogh was noncommittal.
You visited 1 branch of the dungeon, and saw 4 of its levels.

You collected 282 gold pieces.

Inventory:

Hand Weapons
 a - a +0 war axe (weapon)
Armour
 b - a +1 scale mail (worn)
 c - a +0 buckler (worn)
 i - a +0 helmet (worn)
Jewellery
 m - an amulet of reflection
Wands
 n - a wand of iceblast (7)
Scrolls
 h - a scroll of blinking
 k - 2 scrolls of identify
 r - a scroll of teleportation {unknown}
Potions
 f - 2 potions of brilliance {unknown}
 j - a potion of curing {unknown}
 l - a potion of attraction {unknown}
 p - a potion of lignification {unknown}


   Skills:
 + Level 4.5 Fighting
 + Level 4.5 Axes
 + Level 4.1 Armour
 + Level 0.6 Dodging
 + Level 3.9 Shields


You had 4 spell levels left.
You didn't know any spells.
Your spell library contained the following spells:

 Spells                   Type           Power      Damage    Failure   Level
 Magic Dart               Conj           0%         1d3       86%         1
 Necrotise                Necr           0%         1d4       86%         1
 Slow                     Hex            0%         N/A       86%         1
 Call Imp                 Summ           0%         N/A       94%         2
 Confusing Touch          Hex            0%         N/A       99%         3
 Gell's Gravitas          Tloc           0%         N/A       99%         3
 Lesser Beckoning         Tloc           0%         N/A       99%         3
 Mephitic Cloud           Conj/Pois/Air  0%         N/A       99%         3
 Teleport Other           Tloc           0%         N/A       99%         3
 Vampiric Draining        Necr           0%         2d6       99%         3
 Agony                    Necr           0%         N/A       100%        5


Dungeon Overview and Level Annotations

Branches:
Dungeon (4/15)             Temple (0/1) D:4

Altars:
Uskayaw

Shops:
D:1 :

Annotations:
D:4 Dowan, Sigmund


Message History

You block the hound's attack.
Sigmund says, "Now you see me, now you don't..."
Sigmund barely misses you.
The scorpion stings you but does no damage.
The hound bites you.
* * * LOW HITPOINT WARNING * * *
Unknown command.
As you read the scroll labelled ONOCIAC MEGEIMEV, it crumbles to dust.
Magic quickly surges around you.
It was a scroll of vulnerability.
You feel sick. The hound bites you but does no damage.
Sigmund closely misses you. The scorpion closely misses you.
Blink to where?
Press: ? - help, Dir - move target Really blink into that cloud of poison gas? [Y]es or [N]o only, please.
Really blink into that cloud of poison gas?
Okay, then.
Blink to where?
Press: ? - help, Dir - move target, f - you Are you sure you want to cancel this blink?
Okay, then.
As you read the scroll labelled RIGIXT WUBU, it crumbles to dust.
It was a scroll of blinking.
You feel sick.
You are no longer poisoned.
The hound bites you but does no damage.
The scorpion stings you but does no damage.
The hound bites you but does no damage.
As you read the scroll labelled TAMUSUITUNN, it crumbles to dust.
It is a scroll of amnesia.
You feel forgetful for a moment.
Sigmund mumbles some strange words.
Sigmund flickers and vanishes!
Deactivating autopickup; reactivate with Ctrl-A.
The scorpion stings you but does no damage.
You block the hound's attack.
As you read the scroll labelled XUTSODOYMURA, it crumbles to dust.
The creatures around you are filled with an inner flame!
It was a scroll of immolation.
The hound bites you but does no damage. Something hits you!
You die...

...? §§§§§§§§ §§§§§§§.
§o§§§§.# ##....# #§§§§..#
##>..... #§§§...
##....... #w§.
...##.......# ##h#
....#........ #§@#
#........... ##s##
#........# ..####{§# ##.#
#<..# ....§§§§## #..#
###.# ...§§§§§.## #..#
#.#
.§§§§§§§..####.######.#
.§§#§§§§........##....###
#§§#§§§§.........#+#....#
#..........##....+_'.....


You could see a scorpion (inner flame, weak-willed), a hound (inner flame,
weak-willed), a dart slug (inner flame, weak-willed) and an orc (inner flame,
weak-willed).

Vanquished Creatures
  6 adders
  2 worms (D:2)
  A dart slug (D:2)
  5 orcs (D:3)
  8 bats
  4 endoplasms
  2 giant cockroaches
  7 goblins
  6 hobgoblins
  10 jackals
  4 kobolds
  A quokka (D:1)
  6 ball pythons
  5 frilled lizards
  3 rats
70 creatures vanquished.

Vanquished Creatures (others)
  A bat (D:3)
  2 plants (D:1)
  6 withered plants (D:1)
9 creatures vanquished.

Grand Total: 79 creatures vanquished

Notes
Turn   | Place    | Note
-------+----------+-------------------------------------------
     0 | D:1      | pacmanke6689 the Hill Orc Fighter began the quest for the
                  | Orb.
     0 | D:1      | Reached XP level 1. HP: 19/19 MP: 1/1
   195 | D:1      | Found a faded altar of an unknown god.
   344 | D:1      | Reached XP level 2. HP: 23/27 MP: 2/2
  1027 | D:1      | Found Goil's Book Shoppe.
  1379 | D:2      | Reached XP level 3. HP: 30/33 MP: 3/3
  2003 | D:2      | Reached XP level 4. HP: 36/40 MP: 4/4
  2975 | D:3      | Reached XP level 5. HP: 46/46 MP: 5/5
  2978 | D:3      | Became a worshipper of Beogh the Brigand
  3490 | D:4      | Noticed Dowan
  3540 | D:4      | Found a hide-covered altar of Uskayaw.
  3546 | D:4      | Found a staircase to the Ecumenical Temple.
  3605 | D:4      | Noticed Sigmund
  3615 | D:4      | Slain by Sigmund

Illustrated notes

Levels and vault maps discovered:
D:1:      giann_horns, layout_loops_corners,
          shapermc_ecumenical_altar_flowoftime, serial_shops, shop,
          chequers_arboretum
D:2:      layout_loops_corners, serial_glass, glass_columns_b, glass_columns_a
D:3:      layout_basic
D:4:      layout_layer_cave, kennysheep_mini, minmay_temple_entry_offerings,
          uniq_duvessa, uniq_crazy_yiuf_cottage, uniq_pikel, uniq_sigmund

Skill      XL: |  1  2  3  4 |
---------------+-------------+-----
Fighting       | 4 |  4.5
Axes           | 3 4 |  4.5
Armour         | 4 |  4.1
Dodging        | |  0.6
Shields        | |  3.9

Action                   |  1- 3 |  4- 6 || total
-------------------------+-------+-------++-------
Melee: War axe           |   134 |    96 ||   230
Invok: Convert to Beogh  |       |     1 ||     1
  Use: Scroll            |     2 |     5 ||     7
       Potion            |       |     1 ||     1
Armor: Scale mail        |    47 |    66 ||   113
Dodge: Dodged            |    51 |    42 ||    93
Block: Buckler           |    28 |    25 ||    53
